 Dungeon Crawl Stone Soup version 0.29.1-2-gbd0b4ee654 (webtiles) character file.

Game seed: 12969025834375576663

52 tevo3000 the Sneak (level 3, -3/18 HPs)
             Began as a Spriggan Brigand on Nov 28, 2022.
             Slain by a black bear (5 damage)
             ... on level 3 of the Dungeon.
             The game lasted 00:04:59 (1547 turns).

tevo3000 the Sneak (Spriggan Brigand)               Turns: 1547, Time: 00:05:00

Health: -3/18      AC:  3    Str:  7    XL:     3   Next: 60%
Magic:  4/4        EV: 17    Int: 12    God:
Gold:   85         SH:  0    Dex: 18    Spells: 2/2 levels left

rFire   . . .      SeeInvis +   a - +2 dagger
rCold   . . .      Faith    .   (no shield)
rNeg    . . .      Spirit   .   b - +0 robe
rPois   .          Reflect  .   (helmet restricted)
rElec   .          Harm     .   c - +0 cloak
rCorr   .          Rampage  .   (gloves unavailable)
Will    .....                   (boots unavailable)
Stlth   ++++......              (no amulet)
HPRegen 0.06/turn               g - ring of see invisible
MPRegen 0.09/turn               (no ring)

@: very quick
A: very small, no large weapons, unfitting armour, see invisible, speed 3
a: no special abilities


You were on level 3 of the Dungeon.
You visited 1 branch of the dungeon, and saw 3 of its levels.

You collected 85 gold pieces.

Inventory:

Hand Weapons
 a - a +2 dagger (weapon)
Missiles
 d - 9 poisoned darts (quivered)
 e - 9 curare-tipped darts
Armour
 b - a +0 robe (worn)
 c - a +0 cloak (worn)
Jewellery
 g - a ring of see invisible (left hand)
 m - an amulet of regeneration
Scrolls
 f - 2 scrolls of teleportation {unknown}
 i - a scroll of enchant armour {unknown}
 k - a scroll of torment {unknown}
 n - a scroll of immolation {unknown}
 o - 3 scrolls of identify {unknown}
Potions
 j - a potion of brilliance {unknown}
 l - a potion of curing


   Skills:
 - Level 1.5 Fighting
 * Level 3.1 Short Blades
 + Level 2.4 Throwing
 + Level 2.2 Dodging
 * Level 6.6 Stealth


You had 2 spell levels left.
You didn't know any spells.
Your spell library was empty.

Dungeon Overview and Level Annotations

Branches:
Dungeon (3/15)

Altars:


Innate Abilities, Weirdness & Mutations

You are very small and have problems with some larger weapons.
You are too small for most types of armour.
You have supernaturally acute eyesight. (SInv)
You cover ground extremely quickly. (Speed+++)


Message History

The black bear barely misses you.
You hit the black bear but do no damage.
The black bear is heavily wounded.
The black bear closely misses you. The black bear misses you.
The black bear completely misses you.
You hit the black bear.
The black bear is heavily wounded.
The black bear barely misses you. The black bear claws you.
The black bear barely misses you.
You hit the black bear.
The black bear is severely wounded.
The black bear closely misses you. The black bear misses you.
The black bear claws you but does no damage.
You hit the black bear.
The black bear is severely wounded.
The black bear bites you. The black bear claws you.
The black bear claws you but does no damage.
You feel much better. The black bear closely misses you.
The black bear claws you. The black bear misses you.
You hit the black bear.
The black bear is severely wounded.
The black bear barely misses you. The black bear closely misses you.
The black bear barely misses you.
You barely miss the black bear.
The black bear is severely wounded.
You hit the black bear but do no damage.
The black bear is severely wounded.
The black bear bites you. The black bear claws you. The black bear misses you.
You completely miss the black bear.
The black bear is severely wounded.
The black bear barely misses you. The black bear claws you. x2
* * * LOW HITPOINT WARNING * * *
You hit the black bear.
The black bear is almost dead.
The black bear goes berserk!
It was a potion of curing.
You feel better. The black bear bites you!
Ouch! That really hurt!
* * * LOW HITPOINT WARNING * * *
The black bear completely misses you. The black bear claws you.
You die...

#............####.....#
..........(...# #.....#
.####...#.##..# #######
#..##.##..# #######
#....>....# #.....#
#.........# #.###.#
#####.########.###.#
#h# #......#.#
#@#####.##.#.#.###
#.......##.#....(.
##########.....###
#######


You could see a black bear (berserk).

Vanquished Creatures
  An adder (D:3)
  2 dart slugs (D:1)
  An orc (D:3)
  2 ball pythons
  2 endoplasms
  4 giant cockroaches
  5 goblins
  3 hobgoblins
  2 quokkas (D:1)
  4 bats
  2 frilled lizards
  3 kobolds
  4 rats
35 creatures vanquished.

Notes
Turn   | Place    | Note
-------+----------+-------------------------------------------
     0 | D:1      | tevo3000 the Spriggan Brigand began the quest for the Orb.
     0 | D:1      | Reached XP level 1. HP: 10/10 MP: 2/2
   226 | D:1      | Reached skill level 6 in Stealth
   285 | D:1      | Reached XP level 2. HP: 14/14 MP: 3/3
   764 | D:2      | Found a faded altar of an unknown god.
   785 | D:2      | Reached XP level 3. HP: 17/18 MP: 4/4
  1500 | D:3      | Noticed a black bear
  1547 | D:3      | Slain by a black bear

Illustrated notes

Levels and vault maps discovered:
D:1:      dpeg_arrival_snail, layout_rooms
D:2:      layout_basic, chequers_ecumenical_altar_simple_redux
D:3:      cheibrodos_helix_gallery, layout_loops_cross, corexii_leaking_fountain

Skill      XL: |  1  2  3 |
---------------+----------+-----
Stealth        | 6 |  6.6
Dodging        | 2 |  2.2
Short Blades   | 3 |  3.1
Fighting       | |  1.5
Throwing       | |  2.4

Action                   || total
-------------------------++-------
Melee: Dagger            ||    95
       Punch             ||     1
Throw: Dart              ||     2
  Use: Potion            ||     3
 Stab: Sleeping          ||     5
       Distracted        ||     1
Armor: Robe              ||    11
Dodge: Dodged            ||    71
